 Dungeon Crawl Stone Soup version 0.14.0-26-g1682e81 (webtiles) character file.

158 RogerD the Skirmisher (level 4, -2/41 HPs)
             Began as a Minotaur Berserker on Apr 27, 2014.
             Was a Believer of Trog.
             Slain by Grinder (9 damage)
             ... on Level 3 of the Dungeon.
             The game lasted 00:11:09 (1198 turns).

RogerD the Skirmisher (Minotaur Berserker)          Turns: 1198, Time: 00:11:09

HP  -2/41        AC  5     Str 22      XL: 4   Next: 19%
MP   2/2         EV 12     Int  4      God: Trog [**....]
Gold 77          SH  0     Dex 10      Spells:  0 memorised,  3 levels left

rFire  . . .     SeeInvis .     a - +0 short sword
rCold  . . .     Clarity  .     b - +0 animal skin
rNeg   . . .     Conserve .     (no shield)
rPois  .         rCorr    .     (helmet restricted)
rElec  .         rRot     .     (no cloak)
SustAb . .       Spirit   .     n - +2 pair of gloves
rMut   .         Warding  .     (no boots)
Gourm  +         Stasis   .     l - amulet of the gourmand
MR     .....                    (no ring)
                                (no ring)

@: not resistant to hostile enchantments, unstealthy
A: retaliatory headbutt, horns 2
a: Burn Spellbooks, Berserk, Trog's Hand, Renounce Religion


You were on level 3 of the Dungeon.
You worshipped Trog.
Trog was pleased with you.
You were not hungry.

You visited 1 branch of the dungeon, and saw 3 of its levels.

You collected 77 gold pieces.

Inventory:

Hand weapons
 a - a +0,+0 short sword (weapon)
Armour
 b - a +0 animal skin (worn)
 n - a +2 pair of gloves (worn)
Comestibles
 c - a bread ration
Scrolls
 d - a scroll of magic mapping {unknown}
 e - a scroll of remove curse {unknown}
 f - a scroll of fog {unknown}
 i - a scroll of amnesia {unknown}
 k - a scroll of enchant weapon I {unknown}
 o - a scroll of noise {unknown}
Jewellery
 l - an amulet of the gourmand (around neck)
Potions
 h - 2 potions of curing


   Skills:
 + Level 4.4 Fighting
 + Level 4.1 Short Blades
 + Level 2.8 Armour
 + Level 3.2 Dodging
 + Level 0.1 Stealth


You had 3 spell levels left.
You didn't know any spells.

Dungeon Overview and Level Annotations

Branches:
Dungeon (3/15)

Altars:

Annotations:
D:3 Grinder


Innate Abilities, Weirdness & Mutations

You reflexively headbutt those who attack you in melee.
You have a pair of horns on your head.


Message History

Grinder says, "Wait up."
You puncture Grinder!
Grinder is lightly wounded.
Grinder hits you.
You writhe in agony.
The orc hits you but does no damage.
You hit Grinder. Your headbutt misses Grinder.
Grinder is moderately wounded.
Grinder hits you.
You writhe in agony.
The orc hits you with a dagger.
You hit Grinder but do no damage.
Grinder is moderately wounded.
The goblin misses you. Grinder hits you.
You writhe in agony.
* * * LOW HITPOINT WARNING * * *
The orc misses you. You furiously retaliate!
You headbutt the orc!
You kill the orc!
Trog accepts your kill. Grinder hits you.
* * * LOW HITPOINT WARNING * * *
You writhe in agony.
* * * LOW HITPOINT WARNING * * *
Grinder hits you!
You die...

#.......# #..##...
#.....(.# #..##...
#.......# #..##... ..
#...##..# #....... ...
#...##..# #....... ....
#...##..###....... .(...
# #...##......##....
..... #..
#...##......##...# .....
#...##@..##......##...#
......
#.....g5.##......##...#
.....###...##......##...#
.. #...##......##..
#..)##......#
#..)##......# .
#...##......# #..#
#...##......# #..# #..#
#...##......# ...#


You could see Grinder and a goblin.

Vanquished Creatures
  A worker ant (D:3)
  An adder (D:3)
  A giant mite (D:3)
  A giant gecko (D:1)
  4 orcs (D:3)
  3 giant cockroaches
  4 goblins
  A hobgoblin (D:1)
  6 jackals (D:1)
  A quokka (D:3)
  3 bats
  3 giant newts
  6 kobolds
  5 rats
40 creatures vanquished.

Notes
Turn   | Place    | Note
--------------------------------------------------------------
     0 | D:1      | RogerD, the Minotaur Berserker, began the quest for the Orb.
     0 | D:1      | Reached XP level 1. HP: 19/19 MP: 1/1
   109 | D:1      | Reached XP level 2. HP: 21/27 MP: 1/1
   298 | D:1      | Acquired Trog's second power
   562 | D:3      | Reached skill level 4 in Fighting
   562 | D:3      | Reached XP level 3. HP: 30/33 MP: 2/2
   821 | D:3      | HP: 1/33 [poisoned by a worker ant]
   829 | D:3      | Reached XP level 4. HP: 9/41 MP: 2/2
  1071 | D:3      | Noticed Grinder
  1071 | D:3      | Paralysed by Grinder for 3 turns
  1119 | D:3      | Paralysed by Grinder for 4 turns
  1160 | D:3      | Paralysed by Grinder for 7 turns
  1198 | D:3      | Slain by Grinder

Action                   |  1- 3 |  4- 6 || total
-------------------------+-------+-------++-------
Melee: Short sword       |    71 |    11 ||    82
Invok: Berserk           |     1 |       ||     1
       Burn Spellbooks   |     1 |       ||     1
  Use: Scroll            |     2 |       ||     2
       Potion            |     2 |       ||     2
